 Dungeon Crawl Stone Soup version 0.31-a0-636-ge1c0e020e0 (webtiles) character file.

Game seed: 13622102788024464215

91 bobarctor the Grave Robber (level 4, -3/30 HPs)
             Began as a Demonspawn Necromancer on Aug 26, 2023.
             Slain by a white imp (5 damage)
             ... on level 4 of the Dungeon.
             The game lasted 00:15:17 (3430 turns).

bobarctor the Grave Robber (Demonspawn Necromancer) Turns: 3430, Time: 00:15:18

Health: -3/30      AC:  3    Str:  8    XL:     4   Next: 33%
Magic:  8/8        EV: 12    Int: 18    God:
Gold:   45         SH:  0    Dex: 14    Spells: 3/9 levels left

rFire   . . .        f - +0 dagger
rCold   . . .        (no shield)
rNeg    + . .        a - +0 robe
rPois   .            (no helmet)
rElec   .            l - scarf {repulsion}
rCorr   .            (no gloves)
SInv    .            g - +0 pair of boots
Will    .....        v - amulet of the acrobat
Stlth   ++           j - ring of positive energy
HPRegen 0.25/turn    (no ring)
MPRegen 0.11/turn

%: repel missiles, acrobat
@: no status effects
A: powered by pain 1, weakness stinger 1
a: no special abilities


You were on level 4 of the Dungeon.
You visited 2 branches of the dungeon, and saw 5 of its levels.

You collected 178 gold pieces.
You spent 133 gold pieces at shops.

Inventory:

Hand Weapons
 f - a +0 dagger (weapon)
Missiles
 i - 9 poisoned darts
 m - 19 stones
 z - 2 throwing nets
Armour
 a - a +0 robe (worn)
 g - a +0 pair of boots (worn)
 l - a scarf of repulsion (worn)
Jewellery
 j - a ring of positive energy (left hand)
 v - an amulet of the acrobat (around neck)
Wands
 y - a wand of charming (7)
Scrolls
 h - 2 scrolls of torment {unknown}
 k - 3 scrolls of blinking
 n - a scroll of revelation {unknown}
 o - a scroll of enchant weapon {unknown}
 q - 4 scrolls of teleportation {unknown}
 r - 2 scrolls of enchant armour {unknown}
 w - a scroll of fear {unknown}
Potions
 b - a potion of magic
 d - a potion of haste
 p - a potion of curing
 t - a potion of might
 u - 2 potions of resistance {unknown}
 x - 2 potions of degeneration {unknown}


   Skills:
 + Level 2.4 Dodging
 + Level 2.4 Stealth
 * Level 3.1 Spellcasting
 + Level 4.8 Necromancy
 * Level 0.2 Air Magic
 * Level 0.3 Poison Magic


You had 3 spell levels left.
You knew the following spells:

 Your Spells              Type           Power      Damage    Failure   Level
a - Necrotise             Necr           80%        1d8       2%          1
b - Vampiric Draining     Necr           20%        2d7       7%          3
c - Poisonous Vapours     Pois/Air       6%         N/A       22%         2

Your spell library contained the following spells:

 Spells                   Type           Power      Damage    Failure   Level
 Mephitic Cloud           Conj/Pois/Air  3%         N/A       41%         3
 Stone Arrow              Conj/Erth      4%         3d7       43%         3
 Animate Dead             Necr           20%        N/A       22%         4
 Agony                    Necr           20%        N/A       52%         5
 Animate Armour           Summ/Erth      4%         N/A       85%         4
 Freezing Cloud           Conj/Ice/Air   1%         6-21      99%         5
 Lehudib's Crystal Spear  Conj/Erth      1%         10d2      100%        8


Dungeon Overview and Level Annotations

Branches:
Dungeon (4/15)             Temple (1/1) D:4

Altars:
Ashenzari
Cheibriados
Dithmenos
Fedhas
Hepliaklqana
Okawaru
Qazlal
Ru
Trog
Vehumet
Wu Jian
Yredelemnul

Shops:
D:1 [   D:3 ?


Innate Abilities, Weirdness & Mutations

You sometimes gain a little power by taking damage.
You have a small tail.


Message History

You hit the white imp but do no damage.
You tail-slap the white imp, but do no damage.
The white imp is heavily wounded.
The white imp hits you but does no damage.
You hit the white imp.
You tail-slap the white imp, but do no damage.
The white imp is severely wounded.
The white imp hits you. The white imp freezes you.
You hit the white imp but do no damage.
Your tail-slap misses the white imp.
The white imp is severely wounded.
The white imp hits you. The white imp freezes you.
You hit the white imp but do no damage.
The white imp is severely wounded.
The white imp hits you but does no damage.
You closely miss the white imp.
The white imp is severely wounded.
The white imp misses you.
You hit the white imp but do no damage.
The white imp is severely wounded.
The white imp gestures at you. The puff of frost hits you!
You hit the white imp but do no damage.
The white imp is severely wounded.
The white imp gestures at you. The puff of frost hits you.
You hit the white imp but do no damage.
You tail-slap the white imp, but do no damage.
The white imp is severely wounded.
The white imp barely misses you.
You barely miss the white imp.
The white imp is severely wounded.
The white imp gestures at you. The puff of frost hits you!
* * * LOW HITPOINT WARNING * * *
You hit the white imp.
The white imp is severely wounded.
The white imp hits you.
* * * LOW HITPOINT WARNING * * *
The white imp freezes you.
You die...

## #.# #... #.# #.#.##
#.# ....## #.# #
#.#...### #.# ### ###
#.###...###.#####..
#...##...###...#....)...
....#........#...######.
..##.5@..##...### #.
#........#..### #.
...###...##..# #. ..
###.#...# #. ...#.#....S
#. ##......##### ##
#.#.#.. #. ... ....


You could see a white imp.

Vanquished Creatures
  3 adders (D:2)
  2 worms
  2 dart slugs (D:1)
  3 orcs (D:3)
  4 bats
  4 endoplasms
  3 giant cockroaches
  7 goblins
  6 hobgoblins
  2 frilled lizards (D:2)
  9 kobolds
  2 rats
47 creatures vanquished.

Vanquished Creatures (collateral kills)
  An orc (D:3)
1 creature vanquished.

Grand Total: 48 creatures vanquished

Notes
Turn   | Place    | Note
-------+----------+-------------------------------------------
     0 | D:1      | bobarctor the Demonspawn Necromancer began the quest for
                  | the Orb.
     0 | D:1      | Reached XP level 1. HP: 13/13 MP: 3/3
   110 | D:1      | Found Agadgh's Antique Armour Shop.
   305 | D:1      | Gained mutation: You sometimes gain a little power by
                  | taking damage. [demonic ancestry]
   305 | D:1      | Reached XP level 2. HP: 19/19 MP: 1/5
   989 | D:2      | Gained mutation: You have a small tail. [demonic ancestry]
   989 | D:2      | Reached XP level 3. HP: 24/24 MP: 1/7
  1102 | D:2      | Learned a level 3 spell: Vampiric Draining
  2166 | D:3      | Learned a level 2 spell: Poisonous Vapours
  2188 | D:3      | Reached XP level 4. HP: 30/30 MP: 4/8
  2250 | D:3      | Found Nisheapn's Magic Scroll Shoppe.
  2259 | D:3      | Bought a scroll of identify for 28 gold pieces
  2259 | D:3      | Bought a scroll of blinking for 105 gold pieces
  3360 | D:4      | Found a staircase to the Ecumenical Temple.
  3369 | Temple   | Entered the Ecumenical Temple
  3430 | D:4      | Slain by a white imp

Illustrated notes

Levels and vault maps discovered:
D:1:      lightli_arrival_statuegarden, layout_basic, serial_shops,
          nicolae_shop_just_a_little_nook, minmay_misc_feat_more_columns,
          minmay_tetromino_i4
D:2:      layout_loops_ring, serial_bayou, serial_bayou_pond_a,
          serial_bayou_ford_a, serial_bayou_crossing, serial_bayou_lagoon_a,
          serial_bayou_shore_a, basic_altar
D:3:      layout_basic, serial_shops, shop, kennysheep_doodads
D:4:      layout_loops_cross, minitemple, minmay_temple_entry_slanted,
          minivault_19
Temple:   nicolae_temple_bog_church

Skill      XL: |  1  2  3 |
---------------+----------+-----
Stealth        | 2 |  2.4
Dodging        | 2 |  2.4
Spellcasting   | 3 |  3.1
Necromancy     | |  4.8
Air Magic      | |  0.2
Poison Magic   | |  0.3

Action                     |  1- 3 |  4- 6 || total
---------------------------+-------+-------++-------
  Melee: Short sword       |     3 |       ||     3
         Dagger            |    23 |    24 ||    47
         Tailslap          |       |     8 ||     8
   Cast: Necrotise         |    73 |    32 ||   105
         Vampiric Draining |       |     2 ||     2
    Use: Scroll            |       |     4 ||     4
 Armour: Robe              |     9 |     2 ||    11
  Dodge: Dodged            |    17 |    12 ||    29
         Repelled          |       |     1 ||     1

Table legend: (Time is in decaauts)
 A = Elapsed time spent in this place.
 B = Non-inter-level travel time spent in this place.
 C = Inter-level travel time spent in this place.
 D = Time resting spent in this place.
 E = Time spent auto-exploring this place.
 F = Levels seen in this place.
 G = Mean time per level.
                   A        B        C        D        E       F      G
               +--------+--------+--------+--------+--------+-----+--------+
         Total |   3475 |   3360 |    115 |    344 |   2531 |   5 |  695.0 |
       Dungeon |   3424 |   3349 |     75 |    344 |   2531 |   4 |  856.0 |
        Temple |     50 |     11 |     39 |      0 |      0 |   1 |   50.0 |
               +--------+--------+--------+--------+--------+-----+--------+

Top non-repeatable levels by time:
     D:2: 1203 daAuts
     D:1: 981 daAuts
     D:3: 916 daAuts
     D:4: 323 daAuts
  Temple: 50 daAuts
